Map: Troizinia LE

Players

scotchbottom

  • Race: Zerg Zerg
  • Spawn Location: 9:00

maverick

  • Race: Terran Terran
  • Spawn Location: 11:00

Dragunov

  • Race: Terran Terran
  • Spawn Location: 11:00

Hberto

  • Race: Terran Terran
  • Spawn Location: 12:00

WickedGarden - Winner!

  • Race: Protoss Protoss
  • League: Silver
  • Spawn Location: 5:00

Infamous - Winner!

  • Race: Protoss Protoss
  • League: Silver
  • Spawn Location: 6:00

Xplosion - Winner!

  • Race: Terran Terran
  • League: Gold
  • Spawn Location: 5:00

ilikedogs - Winner!

  • Race: Terran Terran
  • Spawn Location: 3:00

VOD

Have the link to the VOD?

Description

Time

  • Played on: March 13, 2018, 2:50 p.m.
  • Length: 13:46
Show
View Real Time Build Order
Export as new Build Order

scotchbottom Zerg 

Build Orders: Pool First 

Get SALT Encoding   

  12  0:07  Extractor  
  12  0:10  Extractor  
  10  0:14  Drone x2  
  12  0:26  Overlord  
  12  0:50  Spawning Pool  
  11  1:01  Evolution Chamber  
  10  1:08  Drone x3  
  13  1:31  Drone x2  
  15  1:55  Drone x2  
  15  1:59  Hatchery  
  16  2:26  Queen  
  18  2:30  Overlord  
  18  2:33  Drone x2  
  20  3:21  Drone  
  20  3:24  Drone  
  22  3:32  Drone x2  
  22  3:33  Drone  
  25  3:45  Drone  
  25  3:46  Drone  
  27  4:04  Roach Warren  
  26  4:10  Lair  
  26  4:19  Baneling Nest  
  26  4:23  Drone x3  
  28  4:29  Drone x3  
  31  4:39  Hatchery  
  31  4:45  Hatchery  
  29  4:59  Hatchery  
  28  5:11  Hatchery  
  27  5:30  Drone x3  
  27  5:32  Hydralisk Den  
  27  5:34  Drone x3  
  32  6:02  Hydralisk x2  
  36  6:06  Hydralisk x2  
  36  6:09  Hydralisk x2  
  44  7:08  Overseer  
  32  8:38  Hydralisk x3  
  38  8:43  Hydralisk x3  
  38  8:45  Hydralisk x3  
  50  8:49  Drone  
  51  8:59  Zergling x2  
  52  9:04  Overlord x3  
  52  9:23  Hydralisk x3  
  58  9:30  Hydralisk x2  
  58  9:31  Hydralisk  
  62  9:33  Hydralisk x3  
  62  9:36  Hydralisk x3  
  76  10:01  Overseer  
  76  10:12  Overlord x3  
  74  10:23  Overlord x3  
  74  10:30  Hydralisk x3  
  80  10:35  Hydralisk  
  80  10:36  Hydralisk  
  80  10:38  Queen  
  80  10:39  Hydralisk x2  
  80  10:40  Hydralisk  
  80  10:42  Hydralisk x3  
  98  10:44  Hydralisk x3  
  65  11:03  Hydralisk x2  
  59  11:07  Hydralisk x3  
  59  11:10  Hydralisk  
  59  11:11  Hydralisk x2  
Show
View Real Time Build Order
Export as new Build Order

maverick Terran 

Build Orders:  

Get SALT Encoding   

  12  0:09  SCV  
  14  0:21  SCV  
  14  0:33  SCV  
  15  0:39  Supply Depot  
  15  1:04  Supply Depot  
  15  1:22  Refinery  
  15  1:27  Supply Depot, SCV  
  16  1:48  Refinery  
  16  1:51  Supply Depot  
  16  1:56  SCV  
  17  2:08  SCV  
  18  2:15  Supply Depot  
  18  2:20  SCV  
  19  2:32  SCV  
  20  2:38  Supply Depot  
  20  2:44  SCV  
  21  2:56  SCV  
  22  3:01  Supply Depot  
  22  3:08  SCV  
  23  3:16  Barracks  
  23  3:20  SCV  
  23  3:23  Supply Depot  
  23  3:25  Barracks  
  24  3:45  Supply Depot  
  24  4:08  Supply Depot  
  24  4:16  Supply Depot  
  24  4:31  Supply Depot  
  24  4:37  Barracks  
  24  4:38  Supply Depot  
  24  4:54  Supply Depot  
  24  5:00  Marine  
  25  5:17  Marine  
  26  5:24  Barracks  
  26  5:35  Marine, Supply Depot  
  27  5:53  Marine  
  28  6:00  Supply Depot  
  28  6:11  Marine  
  28  6:13  Barracks  
  28  6:18  Command Center  
  29  6:23  Supply Depot  
  29  6:34  Factory  
  22  7:02  Orbital Command  
  21  7:29  Marine  
  22  7:30  Marine  
  3  7:47  Marine x2  
  2  8:05  Marine  
    8:36  SCV  
Show
View Real Time Build Order
Export as new Build Order

Dragunov Terran 

Build Orders:  

Get SALT Encoding   

  12  0:13  Supply Depot  
  12  0:25  SCV  
  13  0:38  SCV  
  13  0:42  Barracks  
  14  0:50  SCV  
  15  1:02  SCV  
  16  1:14  SCV  
  17  1:29  Command Center  
  17  1:30  Supply Depot  
  18  1:32  SCV  
  18  1:36  Refinery  
  18  1:39  Marine  
  18  1:45  SCV  
  20  1:56  Supply Depot  
  20  1:57  SCV  
  21  2:09  SCV  
  21  2:11  Marine  
  23  2:21  SCV  
  24  2:28  Refinery  
  24  2:44  Factory  
  24  2:50  Orbital Command  
  24  2:53  Orbital Command  
  24  3:26  SCV  
  25  3:33  SCV  
  26  3:38  SCV  
  26  3:41  Starport  
  27  3:45  SCV  
  28  3:50  SCV  
  29  3:57  SCV  
  29  4:01  Refinery  
  30  4:03  SCV, Refinery  
  30  4:09  SCV  
  32  4:15  SCV  
  33  4:21  SCV  
  34  4:26  Fusion Core  
  34  4:29  Starport Tech Lab  
  34  4:55  Starport  
  34  5:12  Viking  
  28  5:39  Starport Tech Lab  
  21  5:50  Starport  
  21  6:00  SCV  
  22  6:07  SCV  
  23  6:12  SCV, Battlecruiser  
  23  6:14  Battlecruiser  
  36  6:19  SCV  
  36  6:24  SCV  
  38  6:26  Starport  
  38  6:28  Starport Tech Lab  
  38  6:31  SCV  
  39  6:36  SCV  
  40  6:43  SCV  
  41  6:48  SCV  
  42  6:55  SCV  
  43  7:03  Starport Tech Lab  
  43  7:17  Battlecruiser  
  49  7:27  Supply Depot  
  49  7:49  Supply Depot, Battlecruiser  
  55  8:14  Supply Depot  
  55  8:17  Battlecruiser  
  55  8:18  Battlecruiser  
  67  8:36  Supply Depot  
Show
View Real Time Build Order
Export as new Build Order

Hberto Terran 

Build Orders:  

Get SALT Encoding   

  12  6:12  SCV  
  13  6:24  SCV  
  14  6:36  Supply Depot, SCV  
  15  6:40  Refinery  
  9  6:48  SCV  
  4  7:00  SCV  
  4  7:11  Engineering Bay  
  4  7:42  Barracks  
  3  8:30  Supply Depot  
Show
View Real Time Build Order
Export as new Build Order

WickedGarden Protoss - Winner!

Build Orders:  

Get SALT Encoding   

  12  0:02  Probe  
  13  0:27  Pylon  
  13  0:42  Probe  
  14  0:49  Forge  
  14  1:00  Gateway  
  14  1:07  Probe (Chrono Boost)  
  15  1:17  Probe (Chrono Boost)  
  15  1:18  Assimilator  
  16  1:21  Probe (Chrono Boost)  
  17  1:41  Pylon  
  17  1:54  Probe (Chrono Boost)  
  17  1:56  Photon Cannon  
  17  1:57  Photon Cannon  
  18  2:06  Probe (Chrono Boost)  
  19  2:11  Probe (Chrono Boost)  
  20  2:18  Photon Cannon  
  20  2:20  Photon Cannon  
  20  2:21  Photon Cannon  
  21  2:30  Probe (Chrono Boost)  
  21  2:41  Probe (Chrono Boost)  
  22  2:45  Assimilator  
  22  2:46  Probe (Chrono Boost)  
  23  3:15  Cybernetics Core  
  23  3:42  Nexus  
  23  3:51  Probe  
  23  3:54  Nexus  
  24  4:02  Pylon  
  24  4:20  Stargate x2  
  24  4:30  Probe (Chrono Boost)  
  25  4:40  Probe (Chrono Boost)  
  25  4:45  Probe (Chrono Boost)  
  27  4:58  Assimilator  
  27  4:59  Probe (Chrono Boost)  
  29  5:00  Probe (Chrono Boost)  
  29  5:02  Assimilator  
  30  5:09  Probe (Chrono Boost)  
  30  5:10  Probe (Chrono Boost)  
  32  5:14  Probe (Chrono Boost)  
  32  5:17  Probe (Chrono Boost)  
  32  5:18  Probe (Chrono Boost)  
  34  5:22  Probe (Chrono Boost)  
  34  5:26  Probe, Assimilator  
  36  5:33  Probe, Assimilator  
  37  5:38  Probe  
  38  5:45  Probe, Void Ray  
  43  5:50  Probe  
  43  5:53  Void Ray  
  48  6:00  Probe (Chrono Boost)  
  48  6:02  Probe (Chrono Boost), Pylon  
  51  6:07  Probe (Chrono Boost)  
  53  6:13  Probe x2 (Chrono Boost)  
  54  6:19  Probe (Chrono Boost)  
  54  6:22  Probe x2 (Chrono Boost)  
  57  6:27  Probe (Chrono Boost)  
  57  6:30  Probe (Chrono Boost)  
  57  6:32  Probe (Chrono Boost)  
  59  6:33  Probe (Chrono Boost)  
  59  6:36  Probe (Chrono Boost)  
  61  6:40  Probe x2  
  63  6:48  Probe  
  63  6:52  Probe x2  
  66  7:00  Probe  
  67  7:05  Probe  
  67  7:08  Stargate  
  68  7:09  Stargate  
  68  7:11  Stargate  
  68  7:12  Probe, Stargate  
  69  7:17  Probe, Fleet Beacon  
  69  7:19  Pylon  
  69  7:22  Pylon  
  70  7:23  Pylon  
  70  7:24  Probe (Chrono Boost), Pylon  
  71  7:36  Probe (Chrono Boost)  
  72  7:43  Probe (Chrono Boost)  
  73  7:50  Probe  
  74  8:03  Probe  
  74  8:04  Carrier x2  
  74  8:05  Carrier x2  
  93  8:06  Carrier  
  105  8:33  Graviton Catapult  
  105  8:36  Pylon  
  105  8:41  Pylon x2  
  105  8:42  Pylon  
  105  8:43  Pylon  
  105  8:46  Pylon  
  105  8:47  Pylon  
  105  8:48  Pylon  
  105  8:53  Carrier  
  103  10:50  Protoss Air Weapons Level 1  
Show
View Real Time Build Order
Export as new Build Order

Infamous Protoss - Winner!

Build Orders: Dark Templar Rush 

Get SALT Encoding   

  12  0:01  Probe  
  13  0:13  Probe  
  14  0:19  Pylon  
  14  0:25  Probe  
  15  0:38  Gateway  
  15  0:41  Probe (Chrono Boost)  
  16  0:53  Probe (Chrono Boost)  
  17  0:57  Assimilator  
  17  0:58  Probe (Chrono Boost)  
  18  1:10  Probe  
  19  1:27  Cybernetics Core  
  19  1:29  Pylon  
  19  1:33  Probe (Chrono Boost)  
  20  1:45  Probe (Chrono Boost)  
  21  1:48  Assimilator  
  21  1:58  Warp Gate (Chrono Boost)  
  21  2:01  Pylon  
  21  2:05  Probe  
  22  2:19  Twilight Council  
  22  2:21  Probe  
  23  2:39  Probe  
  24  2:49  Stargate  
  24  2:52  Probe  
  25  3:11  Nexus  
  25  3:12  Pylon  
  25  3:14  Pylon, Probe  
  26  3:26  Gateway  
  26  3:28  Gateway  
  26  3:31  Dark Shrine  
  26  3:44  Robotics Facility  
  26  4:04  Oracle (Chrono Boost)  
  26  4:07  Probe, Gateway  
  30  4:19  Probe  
  31  4:27  Forge  
  31  4:28  Probe  
  32  4:33  Assimilator  
  32  4:35  Probe  
  32  4:38  Assimilator  
  33  4:39  Warp Prism (Chrono Boost)  
  35  4:55  Gateway  
  35  5:04  Gateway  
  35  5:06  Probe, Protoss Ground Weapons Level 1 (Chrono Boost)  
  36  5:07  Probe  
  37  5:27  Probe  
  38  5:29  Probe  
  39  5:39  Shadow Stride  
  39  5:56  Probe  
  37  6:02  Gateway  
  37  6:03  Gateway  
  37  6:12  Probe  
  37  6:14  Probe  
  37  6:17  Observer  
  40  6:27  Dark Templar x4  
  40  6:28  Dark Templar x2  
  40  6:36  Dark Templar  
  40  6:37  Dark Templar x2  
  40  6:38  Dark Templar x2  
  40  6:39  Dark Templar  
  52  6:52  Protoss Ground Armor Level 1 (Chrono Boost)  
  52  6:58  Pylon, Warp Prism  
  52  7:00  Pylon  
  54  7:25  Dark Templar x4  
  54  7:26  Dark Templar  
  54  7:28  Zealot  
  54  7:29  Zealot  
  66  7:52  Dark Templar x2  
  66  7:54  Zealot  
  60  8:10  Stalker x4  
  60  8:11  Stalker x3  
  60  8:12  Stalker  
  72  8:24  Forge  
  72  8:55  Templar Archives  
  72  8:58  Pylon  
  72  9:23  Stalker x2  
  72  9:24  Stalker x2  
  80  9:32  Probe  
  80  9:36  Protoss Ground Weapons Level 2 (Chrono Boost)  
  80  9:37  Probe  
  82  9:38  Protoss Ground Armor Level 2 (Chrono Boost)  
  82  9:45  Observer  
  83  10:19  Sentry x5  
  85  11:04  Dark Templar  
  85  11:05  Dark Templar x3  
  93  11:20  Pylon  
  93  11:22  Pylon  
  93  11:24  Pylon  
  93  11:37  Gateway  
  93  11:47  Nexus  
  93  11:49  Pylon  
  93  11:50  Pylon  
  93  12:54  Stalker  
  93  12:55  Stalker x6  
  93  12:56  Stalker  
Show
View Real Time Build Order
Export as new Build Order

Xplosion Terran - Winner!

Build Orders:  

Get SALT Encoding   

  12  0:03  SCV  
  13  0:15  SCV  
  13  0:18  Supply Depot  
  14  0:27  SCV  
  15  0:39  SCV  
  16  0:52  SCV  
  16  0:54  Refinery  
  16  0:56  Refinery  
  17  1:03  Supply Depot  
  17  1:04  SCV  
  18  1:16  SCV  
  19  1:28  SCV  
  20  1:40  SCV  
  20  1:42  Command Center  
  21  1:51  Supply Depot  
  21  1:52  SCV  
  22  2:04  SCV  
  23  2:14  Supply Depot  
  23  2:16  SCV  
  24  2:28  SCV  
  25  2:31  Barracks  
  25  2:40  SCV  
  26  2:53  SCV  
  27  2:59  Supply Depot  
  27  3:05  SCV  
  28  3:11  Engineering Bay  
  28  3:16  SCV  
  28  3:17  SCV  
  30  3:26  Factory, Barracks Reactor  
  30  3:28  SCV  
  30  3:29  SCV  
  32  3:40  SCV, Refinery  
  32  3:41  SCV  
  34  3:45  Refinery  
  34  3:52  SCV  
  34  3:53  SCV  
  36  4:04  SCV  
  36  4:05  SCV  
  36  4:06  Marine x2  
  40  4:12  Armory  
  40  4:16  SCV  
  41  4:17  Starport, SCV  
  41  4:19  Factory Tech Lab  
  42  4:24  Marine x2  
  42  4:29  SCV  
  45  4:41  SCV  
  45  4:42  Marine  
  47  4:53  SCV x2  
  47  4:54  Starport  
  47  4:56  Supply Depot  
  47  4:57  Siege Tank  
  52  5:05  SCV  
  53  5:07  Terran Ship Weapons Level 1  
  53  5:08  Fusion Core  
  53  5:14  Starport Tech Lab  
  53  5:15  Missile Turret  
  53  5:17  SCV  
  54  5:24  Starport  
  54  5:25  Terran Infantry Weapons Level 1  
  54  5:27  Marine x2  
  56  5:33  Starport Tech Lab  
  56  5:36  Starport  
  56  5:43  SCV  
  56  5:44  Marine  
  56  5:45  Marine  
  59  5:56  SCV  
  60  5:59  Battlecruiser  
  60  6:02  Battlecruiser  
  72  6:11  Starport Tech Lab  
  72  6:22  Supply Depot  
  72  6:26  Starport Tech Lab  
  72  6:34  Battlecruiser  
  78  6:41  Missile Turret  
  78  6:44  Supply Depot  
  78  7:00  Missile Turret  
  78  7:01  Battlecruiser  
  78  7:07  Supply Depot  
  84  7:18  Terran Ship Weapons Level 2  
  84  7:19  Terran Infantry Armor Level 1  
  84  7:26  Medivac  
  86  7:41  Command Center  
  86  7:55  Battlecruiser  
  92  8:07  Missile Turret  
  92  9:00  Battlecruiser  
  92  9:02  Battlecruiser  
  98  9:34  Battlecruiser  
  104  9:45  Battlecruiser  
  98  11:05  Battlecruiser x2  
  110  11:33  Weapon Refit  
  110  12:08  Battlecruiser  
Show
View Real Time Build Order
Export as new Build Order

ilikedogs Terran - Winner!

Build Orders:  

Get SALT Encoding   

  12  0:11  Supply Depot  
  12  0:42  Barracks  
  12  1:58  Engineering Bay  
  12  2:36  Refinery  
  12  2:43  SCV  
  13  3:10  SCV  
  14  3:14  Command Center  
  14  3:22  SCV  
  15  3:42  SCV  
  16  4:19  Planetary Fortress  
  16  4:59  Orbital Command  
  16  5:37  Supply Depot  
  16  5:50  Barracks  
  16  6:17  Barracks Reactor  
  16  7:00  Factory  
  16  7:35  Supply Depot  
  16  7:38  Marine x2  
  18  7:56  Marine x2  
  20  8:05  Barracks Reactor  
  20  8:14  Marine x2  
  22  8:32  Marine x2  
  24  8:50  Starport  
  24  8:58  Supply Depot  
Tags
 
Add a new tag
Caveats
  • Supply blocks, unpowered buildings, or Contaminate may cause inaccurate times.
  • Supply counts are checked every 10 seconds.